Map: Kairos Junction LE

Players

Garrett

  • Race: Protoss Protoss
  • League: Diamond
  • Spawn Location: 11:00

DJRoro - Winner!

  • Race: Terran Terran
  • League: Diamond
  • Spawn Location: 5:00

VOD

Have the link to the VOD?

Description

Time

  • Played on: April 13, 2019, 1:45 a.m.
  • Length: 16:25
Show
View Real Time Build Order
Export as new Build Order

Garrett Protoss 

Build Orders: Double Forge 

Get SALT Encoding   

  12  0:00  Probe  
  13  0:12  Probe  
  14  0:18  Pylon  
  14  0:25  Probe  
  15  0:37  Probe  
  15  0:39  Gateway  
  16  0:42  Assimilator  
  16  0:47  Probe  
  17  0:55  Probe  
  17  1:03  Probe  
  19  1:13  Gateway  
  19  1:15  Probe  
  20  1:27  Probe  
  21  1:36  Cybernetics Core  
  21  1:38  Pylon  
  21  1:39  Probe  
  22  1:50  Pylon  
  22  1:51  Probe  
  23  1:59  Assimilator  
  23  2:03  Probe  
  23  2:04  Warp Gate  
  24  2:12  Adept x2, Probe  
  27  2:20  Probe  
  29  2:30  Probe  
  30  2:41  Pylon  
  30  2:42  Probe  
  31  2:54  Probe  
  31  3:17  Stalker x2  
  31  3:19  Nexus  
  35  3:21  Pylon  
  35  3:22  Probe  
  36  3:34  Probe  
  36  3:36  Robotics Facility  
  37  3:42  Robotics Facility  
  37  3:44  Gateway  
  37  3:50  Gateway  
  37  3:56  Sentry x2  
  37  4:00  Probe  
  42  4:10  Pylon  
  42  4:12  Probe  
  43  4:24  Probe  
  44  4:30  Stalker x2  
  48  4:41  Forge  
  48  4:43  Forge  
  48  4:48  Pylon  
  48  4:49  Pylon  
  48  4:51  Pylon  
  48  4:52  Probe  
  49  4:54  Probe  
  50  5:15  Twilight Council  
  50  5:16  Gateway  
  50  5:18  Gateway  
  50  5:21  Gateway  
  50  5:25  Protoss Ground Weapons Level 1  
  51  5:28  Observer  
  51  5:34  Stalker  
  51  5:35  Protoss Ground Armor Level 1  
  46  5:52  Probe x2  
  48  5:58  Pylon  
  48  6:00  Probe x2  
  48  6:05  Charge  
  48  6:09  Probe  
  48  6:10  Probe  
  50  6:18  Photon Cannon  
  52  6:21  Probe  
  52  6:24  Photon Cannon  
  53  6:30  Photon Cannon  
  53  6:31  Photon Cannon  
  53  6:40  Photon Cannon  
  53  6:43  Shield Battery  
  53  6:50  Templar Archives  
  53  7:03  Zealot x3  
  53  7:04  Zealot x2  
  53  7:08  Stalker  
  65  7:10  Stalker  
  65  7:13  Probe x2  
  69  7:21  Probe x2  
  69  7:29  Probe x2  
  72  7:39  Probe  
  72  7:42  Assimilator  
  73  7:44  Assimilator  
  73  7:47  Protoss Shields Level 1  
  73  7:50  Shield Battery x2  
  73  7:57  Protoss Ground Weapons Level 2  
  73  8:02  Zealot x5  
  82  8:13  Zealot  
  82  8:14  Zealot  
  86  8:27  Pylon  
  86  8:32  Pylon  
  86  8:35  Pylon  
  86  8:42  Pylon  
  86  8:51  Pylon  
  86  8:54  Nexus  
  84  8:57  Pylon  
  84  8:58  Pylon  
  83  9:12  High Templar  
  83  9:13  High Templar x3  
  83  9:15  Zealot x2  
  83  9:16  Zealot  
  97  9:17  Archon x2  
  97  9:19  Probe  
  97  9:20  Probe  
  99  9:31  Photon Cannon  
  99  9:32  Photon Cannon  
  99  9:36  Photon Cannon  
  99  9:48  Photon Cannon  
  99  9:49  Photon Cannon  
  99  9:53  Photon Cannon  
  99  9:59  Photon Cannon  
  99  10:01  Shield Battery  
  99  10:09  Pylon  
  99  10:19  Pylon  
  99  10:20  Probe x3  
  102  10:31  High Templar x2  
  102  10:32  High Templar x2, Probe x3  
  102  10:35  High Templar x2  
  117  10:37  Archon x2  
  117  10:39  Archon  
  117  10:42  Zealot  
  103  11:09  Zealot x3  
  103  11:10  Zealot x2  
  103  11:11  Zealot x2  
  93  11:29  Warp Prism  
  93  11:31  Zealot x5  
  93  11:32  Zealot x2  
  85  12:06  Protoss Ground Armor Level 2  
  85  12:07  Probe x3  
  76  12:09  Protoss Ground Weapons Level 3  
  76  12:11  Assimilator  
  76  12:13  Assimilator  
  76  12:17  Robotics Bay, Pylon  
  76  12:19  Probe x2  
  76  12:20  Observer  
  76  12:21  High Templar  
  76  12:22  High Templar x3  
  84  12:23  Zealot x3  
  84  12:26  Archon  
  84  12:27  Archon  
  91  12:35  Shield Battery  
  91  12:37  Shield Battery x2  
  91  12:38  Shield Battery  
  91  12:39  Pylon  
  91  12:44  Zealot x3  
  97  12:53  Gateway  
  97  12:55  Gateway  
  97  12:56  Extended Thermal Lance  
  97  12:57  High Templar, Gateway  
  97  12:58  High Templar  
  101  12:59  Photon Cannon  
  101  13:01  Photon Cannon, Archon  
  101  13:04  Photon Cannon  
  101  13:18  Colossus  
  107  13:21  Zealot x3  
  107  13:22  Zealot x2  
  117  13:34  Nexus  
  117  13:52  Stargate  
  117  13:56  Stargate  
  117  14:05  Zealot x5  
  117  14:06  Zealot  
  91  14:19  Zealot x3  
  91  14:20  Zealot  
  81  14:25  Zealot  
  81  14:26  Zealot x3  
  77  14:31  Zealot  
  77  14:32  Zealot  
  63  14:43  High Templar x2  
  63  14:44  High Templar  
  63  14:45  High Templar  
  71  14:51  Archon x2  
  71  14:52  Zealot x3  
  61  14:55  High Templar x2  
  61  14:59  Archon  
  66  15:00  Zealot  
  67  15:14  Stalker x2  
  69  15:19  Stalker  
  73  15:29  Probe x2  
  73  15:32  Probe  
  76  15:37  Probe x2  
  78  15:47  Stalker  
Show
View Real Time Build Order
Export as new Build Order

DJRoro Terran - Winner!

Build Orders: Reaper Expand 

Get SALT Encoding   

  12  0:01  SCV  
  13  0:13  SCV  
  14  0:17  Supply Depot  
  14  0:25  SCV  
  15  0:40  Barracks  
  15  0:41  SCV  
  16  0:46  Refinery  
  16  0:53  SCV  
  17  1:05  SCV  
  18  1:17  SCV  
  19  1:29  Reaper  
  19  1:32  Orbital Command  
  20  1:40  Command Center  
  20  1:57  SCV  
  21  2:06  Factory  
  21  2:09  SCV  
  22  2:19  Supply Depot  
  22  2:21  Barracks Tech Lab  
  22  2:25  SCV  
  22  2:28  Refinery  
  23  2:41  SCV  
  24  2:48  Bunker  
  24  2:51  Barracks  
  24  2:53  SCV  
  25  3:03  Barracks Reactor  
  25  3:06  SCV  
  25  3:12  Orbital Command  
  26  3:13  Engineering Bay  
  26  3:14  Cyclone  
  29  3:29  Starport  
  29  3:33  SCV  
  30  3:39  Marine x2, Barracks Tech Lab  
  33  3:59  Supply Depot, Siege Tank  
  33  4:01  Marine x3  
  38  4:04  Liberator, SCV  
  39  4:10  Refinery  
  39  4:12  Missile Turret  
  39  4:19  SCV x2  
  44  4:30  Supply Depot  
  44  4:31  SCV x2  
  44  4:35  Marine x2  
  48  4:43  SCV x2  
  50  4:48  Missile Turret  
  50  4:49  Siege Tank  
  53  4:53  Marine x3  
  53  4:55  Stimpack  
  56  5:02  SCV  
  56  5:04  Barracks  
  56  5:05  Supply Depot  
  57  5:09  Starport Reactor  
  57  5:11  Marine  
  57  5:12  Marine x2  
  60  5:14  SCV  
  60  5:15  SCV  
  62  5:27  Supply Depot, SCV x2  
  64  5:34  Terran Infantry Weapons Level 1  
  64  5:36  Engineering Bay  
  64  5:39  SCV x2  
  66  5:51  SCV x2  
  66  5:52  Medivac  
  66  5:53  Medivac  
  69  6:02  Command Center, Terran Infantry Armor Level 1  
  69  6:03  SCV  
  70  6:04  Barracks Tech Lab  
  70  6:09  Marine, Marauder  
  70  6:10  Marine  
  74  6:14  Supply Depot  
  74  6:16  SCV  
  75  6:20  Refinery  
  75  6:23  Medivac  
  77  6:32  Supply Depot  
  77  6:35  Supply Depot, Medivac  
  77  6:36  Widow Mine  
  77  6:37  Marauder, Combat Shield  
  83  6:49  SCV x2  
  85  7:01  Concussive Shells  
  85  7:12  Missile Turret x2  
  85  7:13  Supply Depot x2, SCV x2  
  87  7:42  Planetary Fortress  
  87  7:44  SCV x2  
  87  7:50  Armory  
  89  7:53  Barracks  
  89  7:55  Barracks  
  89  7:56  SCV  
  89  7:57  Barracks  
  90  8:14  Marine x2, Marauder x2  
  96  8:22  SCV x3  
  96  8:24  Barracks  
  96  8:25  Barracks  
  99  8:31  Marine  
  99  8:34  Starport, SCV  
  101  8:42  Marine  
  101  8:43  Marine x2, Marauder x2  
  101  8:44  Barracks Reactor  
  106  8:57  Marine  
  106  9:00  Marine  
  106  9:04  Marauder  
  97  9:14  Medivac x2  
  100  9:18  Drilling Claws, Widow Mine  
  102  9:24  Barracks Tech Lab  
  102  9:25  Barracks Reactor x2, Barracks Tech Lab  
  102  9:31  Missile Turret  
  102  9:33  Missile Turret, Refinery  
  102  9:34  Refinery  
  102  9:38  Missile Turret  
  102  9:39  Marine x2  
  104  9:48  Sensor Tower  
  104  9:49  Missile Turret  
  104  9:54  Medivac x2  
  104  9:57  Marine  
  109  10:03  Terran Infantry Weapons Level 2, Terran Infantry Armor Level 2  
  109  10:05  Ghost Academy  
  109  10:06  Marauder x3  
  109  10:07  Marauder  
  117  10:23  Widow Mine  
  117  10:27  Marauder  
  117  10:28  Marauder x3  
  124  10:49  Marauder x2  
  128  10:52  Marine  
  128  10:53  Marauder x2  
  133  10:59  Marine  
  133  11:04  Marine  
  133  11:05  Marine x2  
  133  11:10  Marauder  
  126  11:12  Marine x3, Marauder  
  126  11:14  Marauder  
  126  11:17  Marine x2  
  130  11:22  Marine  
  96  12:01  Marine x5, Marauder x2  
  92  12:04  Marine x3, Marauder  
  108  12:36  Ghost x4  
  101  12:38  Marine, Command Center, Barracks Tech Lab  
  101  12:39  Marine x5  
  101  12:42  Missile Turret  
  111  12:45  Missile Turret, Liberator  
  111  12:46  Liberator  
  111  12:47  Terran Infantry Armor Level 3, Terran Infantry Weapons Level 3  
  111  12:50  Terran Vehicle And Ship Armor Level 1  
  111  12:51  Widow Mine  
  111  12:52  Widow Mine  
  111  12:56  Marine  
  111  12:57  Marine x5  
  121  13:04  Ghost  
  121  13:05  Ghost  
  131  13:06  Barracks  
  131  13:14  SCV x2  
  133  13:23  Supply Depot  
  133  13:25  Supply Depot  
  133  13:26  Supply Depot  
  133  13:28  Liberator x2  
  133  13:41  Sensor Tower  
  133  13:44  SCV  
  133  13:45  Starport  
  133  13:47  Supply Depot  
  140  13:49  Supply Depot  
  140  13:58  Widow Mine x2  
  144  14:11  Liberator  
  137  14:19  Widow Mine  
  137  14:20  Widow Mine  
  137  14:24  Liberator  
  131  14:39  Marine x2  
  131  14:40  Marine x3, Marauder x2  
  131  14:41  Widow Mine x2  
  147  14:54  Liberator  
  147  14:56  Marine x2, Marauder x2  
  147  14:57  Marine x3  
  147  14:58  Marine, Planetary Fortress  
  157  15:01  Missile Turret  
  157  15:02  Widow Mine x2  
  157  15:07  Liberator  
  167  15:37  Ghost  
  167  15:38  Ghost x4  
Tags
 
Add a new tag
Caveats
  • Supply blocks, unpowered buildings, or Contaminate may cause inaccurate times.
  • Supply counts are checked every 10 seconds.